 Dungeon Crawl Stone Soup version 0.31-a0-455-g1a7b003ef0 (webtiles) character file.

Game seed: 5783462030214826333

121 senseless the Changeling (level 5, -6/34 HPs)
             Began as an Octopode Shapeshifter on Aug 3, 2023.
             Mangled by an ogre
             ... wielding a +0 giant spiked club
              (20 damage)
             ... on level 3 of the Dungeon.
             The game lasted 00:03:02 (1887 turns).

senseless the Changeling (Octopode Shapeshifter)    Turns: 1887, Time: 00:03:02

Health: -6/34      AC:  1    Str: 16    XL:     5   Next: 5%
Magic:  5/5        EV: 13    Int: 11    God:
Gold:   127        SH:  0    Dex: 12    Spells: 4/4 levels left

rFire   . . .        f - +1 dagger (holy)
rCold   . . .        (no shield)
rNeg    . . .        (helmet currently unavailable)
rPois   .            e - amulet of the acrobat
rElec   .            (no ring)
rCorr   .            (no ring)
SInv    .            (no ring)
Will    .....        (no ring)
Stlth   +++          (no ring)
HPRegen 0.25/turn    (no ring)
MPRegen 0.09/turn    (no ring)
                     (no ring)

%: acrobat
@: beast-form
A: beast (slay +2), almost no armour, amphibious, 8 rings, camouflage 1,
gelatinous body 1, (nimble swimmer 1), tentacles
a: Begin Untransformation


You were on level 3 of the Dungeon.
You were a hulking beast.
You visited 1 branch of the dungeon, and saw 3 of its levels.

You collected 127 gold pieces.

Inventory:

Hand Weapons
 f - a +1 dagger of holy wrath (weapon)
Jewellery
 e - an amulet of the acrobat (around mantle)
Talismans
 b - a beast talisman (active)
Scrolls
 c - a scroll of vulnerability
 k - 2 scrolls of fear
Potions
 a - 2 potions of lignification
 d - a potion of resistance
 h - 2 potions of berserk rage
 i - a potion of enlightenment {unknown}


   Skills:
 + Level 2.1 Fighting
 + Level 2.7 Dodging
 + Level 2.3 Stealth
 + Level 3.4 Unarmed Combat
 * Level 3.7 Shapeshifting


You had 4 spell levels left.
You didn't know any spells.
Your spell library was empty.

Dungeon Overview and Level Annotations

Branches:
Dungeon (3/15)

Altars:


Innate Abilities, Weirdness & Mutations

You are a hulking beast.
Your limbs bulge with bestial killing power. (Slay +2)
You cannot wear most types of armour.
You are amphibious.
You can wear up to eight rings at the same time.
Your skin changes colour to match your surroundings (Stealth+).
Your rubbery body absorbs attacks. (AC +1, EV +1)
((You are camouflaged when in or above water. (Stealth+)))
You have tentacles for arms and can constrict up to eight enemies at once.


Message History

No target in view!
No target in view!
No target in view!
No target in view!
No target in view!
No target in view!
You see here a bat corpse.
You open the door.
There is an open door here.
Things that are here:
a +0 leather armour; a quokka skeleton You open the door.
There is an open door here.
You open the door.
There are monsters nearby!
There is an open door here.
You hit the worm. You grab the worm.
The worm is lightly wounded.
You constrict the worm. The worm bites you.
You hit the worm.
The worm is heavily wounded.
You constrict the worm. You hit the worm.
You kill the worm!
The ogre shouts!
The ogre completely misses you.
You hit the ogre. You squeeze the ogre.
The ogre is moderately wounded.
The ogre hits you with a +0 giant spiked club!!
Ouch! That really hurt!
You hit the ogre but do no damage.
The ogre is moderately wounded.
You hit the ogre.
The ogre is heavily wounded.
The ogre closely misses you.
You hit the ogre.
The ogre is heavily wounded.
The ogre hits you with a +0 giant spiked club!!
Ouch! That really hurt!
You die...

,,,,,,,,*****,*********,,,,**,*,,
,,,,,,,,,,,,,,,,,,,,,,+,,,,+,,,,,
,,,,,,,******,*********,,,,****,,
,,,,,,,* ##+##* *,,,,* *,,
,,,,,,,* #....# ###*####*,,
,,,,...* ##....#### #..,,..#***
,,,,...* #........# #.####.##
#+**#.#* #.....O..# #.#.....# *
#.###.# #.....h..# #.#.##..#*#
#..##.# #........####.#.##..##.
*#.##.# #...............##.....
##....# #...#'#######.#####....
......#####.###.#.......# ###..
###.#.......###'#....##########..
..#†#............................
#.#.######.........#.#########.##
..#.....##......[..#.#.....#.....


You could see an ogre.

Vanquished Creatures
  Robin (D:3)
  3 adders
  A worm (D:3)
  3 dart slugs
  2 ball pythons (D:1)
  8 bats
  3 endoplasms
  2 giant cockroaches
  13 goblins
  6 hobgoblins
  8 jackals
  3 kobolds
  5 quokkas
  3 frilled lizards
  3 rats
64 creatures vanquished.

Notes
Turn   | Place    | Note
-------+----------+-------------------------------------------
     0 | D:1      | senseless the Octopode Shapeshifter began the quest for the
                  | Orb.
     0 | D:1      | Reached XP level 1. HP: 13/13 MP: 1/1
   105 | D:1      | Reached XP level 2. HP: 18/18 MP: 2/2
   388 | D:1      | Reached skill level 1 in Stealth
   648 | D:1      | Reached XP level 3. HP: 23/23 MP: 3/3
  1268 | D:2      | Reached XP level 4. HP: 21/29 MP: 4/4
  1491 | D:3      | Noticed an ogre
  1567 | D:3      | Noticed Robin
  1578 | D:3      | Killed Robin
  1787 | D:3      | Reached XP level 5. HP: 34/34 MP: 5/5
  1887 | D:3      | Mangled by an ogre

Illustrated notes

Levels and vault maps discovered:
D:1:      dpeg_arrival_rhombus, layout_basic, hangedman_feature_mirror
D:2:      layout_loops_cross
D:3:      layout_basic, minmay_box_of_dots, uniq_robin

Skill      XL: |  1  2  3  4 |
---------------+-------------+-----
Stealth        | 1 2 |  2.3
Fighting       | 2 |  2.1
Dodging        | |  2.7
Unarmed Combat | |  3.4
Shapeshifting  | |  3.7

Action                     |  1- 3 |  4- 6 || total
---------------------------+-------+-------++-------
  Melee: Unarmed           |    55 |    39 ||    94
         Constrict         |    18 |    12 ||    30
         Tentacles         |    10 |    11 ||    21
         Punch             |     2 |     1 ||     3
         Dagger            |       |    16 ||    16
    Use: Scroll            |       |     7 ||     7
         Potion            |       |     1 ||     1
   Stab: Sleeping          |     8 |     2 ||    10
 Armour: Skin              |     2 |     3 ||     5
  Dodge: Dodged            |    33 |    31 ||    64

Table legend: (Time is in decaauts)
 A = Elapsed time spent in this place.
 B = Non-inter-level travel time spent in this place.
 C = Inter-level travel time spent in this place.
 D = Time resting spent in this place.
 E = Time spent auto-exploring this place.
 F = Levels seen in this place.
 G = Mean time per level.
                   A        B        C        D        E       F      G
               +--------+--------+--------+--------+--------+-----+--------+
         Total |   1879 |   1840 |     39 |      5 |   1509 |   3 |  626.3 |
       Dungeon |   1879 |   1840 |     39 |      5 |   1509 |   3 |  626.3 |
               +--------+--------+--------+--------+--------+-----+--------+

Top non-repeatable levels by time:
     D:1: 833 daAuts
     D:2: 581 daAuts
     D:3: 464 daAuts
